 Dungeon Crawl Stone Soup version 0.21.1-1-g345015f (webtiles) character file.

289 nulman the Chopper (level 6, -13/53 HPs)
             Began as a Hill Orc Monk on June 10, 2018.
             Mangled by Jaiteiro's ghost (14 damage)
             ... on level 5 of the Dungeon.
             The game lasted 00:35:25 (3320 turns).

nulman the Chopper (Hill Orc Monk)                  Turns: 3320, Time: 00:35:25

Health: -13/53     AC: 10    Str: 16    XL:     6   Next: 31%
Magic:  6/6        EV:  7    Int: 15    God:
Gold:   135        SH:  0    Dex: 13    Spells: 5/5 levels left

rFire    . . .     SeeInvis .   a - +0 hand axe
rCold    + . .     Gourm    .   (no shield)
rNeg     . . .     Faith    .   t - +0 chain mail {rC+}
rPois    .         Spirit   .   (no helmet)
rElec    .         Reflect  .   (no cloak)
rCorr    .         Harm     .   e - +0 pair of gloves
MR       .....                  (no boots)
Stlth    ..........             (no amulet)
HPRegen  0.17/turn              (no ring)
MPRegen  0.10/turn              (no ring)

@: brilliant
A: no striking features
a: no special abilities


You were on level 5 of the Dungeon.
You were not hungry.

You visited 1 branch of the dungeon, and saw 5 of its levels.

You collected 135 gold pieces.

Inventory:

Hand Weapons
 a - a +0 hand axe (weapon)
 w - a cursed -2 dagger
Missiles
 f - 114 stones
 g - 18 poisoned needles
 k - 4 tomahawks
 p - 56 arrows
 r - 2 javelins (quivered)
Armour
 e - a +0 pair of gloves (worn)
 o - a cursed +0 leather armour
 t - a +0 chain mail of cold resistance (worn)
 u - a +0 plate armour
Magical Staves
 s - an uncursed staff of wizardry {unknown}
Jewellery
 b - an uncursed amulet of guardian spirit {unknown}
 v - a +2 ring of evasion {unknown}
Wands
 x - a wand of random effects (11)
Scrolls
 d - a scroll of random uselessness {unknown}
 h - a scroll of teleportation
 j - a scroll of identify {unknown}
 l - a scroll of remove curse
 m - a scroll of fear {unknown}
Potions
 n - 3 potions of curing
Comestibles
 c - 6 rations
 i - a chunk of flesh


   Skills:
 + Level 4.7 Fighting
 + Level 6.6 Axes
 + Level 0.9 Throwing
 * Level 3.5 Armour
 - Level 2.4 Dodging
 - Level 1.5 Stealth
 + Level 0.4 Evocations


You had 5 spell levels left.
You didn't know any spells.

Dungeon Overview and Level Annotations

Branches:
Dungeon (5/15)
 Temple: D:4-7

Altars:
Qazlal

Annotations:
D:4 Aelig's ghost, novice KoHu
D:5 Ijyb; Jaiteiro's ghost, novice VSFi


Message History

You feel very sick. Something hits you but does no damage.
You are more poisoned.
You climb downwards.
An ice beast, Ijyb and a player ghost come into view.
* * * LOW HITPOINT WARNING * * *
You feel very sick.
Ijyb shouts!
Jaiteiro's ghost turns its malevolent gaze towards you.
Found a dagger and a ration.
There is a stone staircase leading up here.
You feel better. Jaiteiro's ghost hits you.
* * * LOW HITPOINT WARNING * * *
Unknown command.
It was a potion of brilliance.
You feel clever all of a sudden. Jaiteiro's ghost hits you.
* * * LOW HITPOINT WARNING * * *
You are electrocuted!
You die...

#%# #g#
#.# #.#
#.#
####.###
#...W..#
#)..@..#
#......#
#......#
#........
#......###
#.Y....#
#......#
#......#


You could see an ice beast, Ijyb and Jaiteiro's ghost.

Vanquished Creatures
  The ghost of theblackcape the Sneak, an amateur GnWn (D:3)
  A howler monkey (D:3)
  Terence (D:3)
  4 adders
  A worm (D:3)
  4 dart slugs
  A leopard gecko (D:2)
  An orc (D:3)
  2 giant cockroaches (D:1)
  5 goblins
  3 hobgoblins (D:1)
  9 jackals
  3 kobolds
  A ball python (D:1)
  6 bats
  9 frilled lizards
  7 rats
59 creatures vanquished.

Vanquished Creatures (others)
  A hobgoblin (D:2)
  A frilled lizard (D:2)
2 creatures vanquished.

Grand Total: 61 creatures vanquished

Notes
Turn   | Place    | Note
-------+----------+-------------------------------------------
     0 | D:1      | nulman the Hill Orc Monk began the quest for the Orb.
     0 | D:1      | Reached XP level 1. HP: 19/19 MP: 1/1
   234 | D:1      | Reached XP level 2. HP: 27/27 MP: 2/2
   528 | D:1      | Reached skill level 1 in Armour
   693 | D:2      | Reached XP level 3. HP: 30/33 MP: 3/3
   704 | D:1      | Reached skill level 5 in Axes
  1264 | D:2      | Reached XP level 4. HP: 27/40 MP: 4/4
  1677 | D:3      | Noticed Terence
  1696 | D:3      | Killed Terence
  1745 | D:3      | Noticed theblackcape's ghost (amateur GnWn)
  1777 | D:3      | Killed theblackcape's ghost
  1777 | D:3      | Reached skill level 6 in Axes
  1777 | D:3      | Reached XP level 5. HP: 29/47 MP: 5/5
  1920 | D:3      | Noticed an ogre
  2314 | D:3      | Reached XP level 6. HP: 52/53 MP: 6/6
  2861 | D:4      | Noticed Aelig's ghost (novice KoHu)
  3184 | D:4      | Found a stormy altar of Qazlal.
  3318 | D:5      | Entered Level 5 of the Dungeon
  3318 | D:5      | Noticed Ijyb
  3318 | D:5      | Noticed an ice beast
  3318 | D:5      | Noticed Jaiteiro's ghost (novice VSFi)
  3318 | D:5      | HP: 2/53 [poisoned by Aelig's ghost]
  3320 | D:5      | Mangled by Jaiteiro's ghost

Skill      XL: |  1  2  3  4 |
---------------+-------------+-----
Armour         | 1 3 |  3.5
Fighting       | 4 |  4.7
Axes           | 5 6 |  6.6
Throwing       | |  0.9
Dodging        | |  2.4
Stealth        | |  1.5
Evocations     | |  0.4

Action                   |  1- 3 |  4- 6 || total
-------------------------+-------+-------++-------
Melee: Hand axe          |   106 |   121 ||   227
Throw: Tomahawk          |     3 |       ||     3
       Javelin           |     4 |     9 ||    13
Evoke: Wand              |       |    11 ||    11
  Use: Potion            |       |     3 ||     3
       Scroll            |       |     2 ||     2
  Eat: Chunk             |     1 |     3 ||     4
       Ration            |       |     1 ||     1
Armor: Leather armour    |     2 |       ||     2
       Ring mail         |    39 |    17 ||    56
       Chain mail        |       |    56 ||    56
       Plate armour      |       |    13 ||    13
Dodge: Dodged            |    72 |    53 ||   125
